[Event "Late-Titled-Tuesday-Blitz-September-05-2023"]
[Site "Chess.com"]
[Date "2023.09.05"]
[Round "6"]
[White "IlanSchnaider"]
[Black "AquivaRubinstein"]
[Result "1/2-1/2"]
[WhiteElo "2738"]
[BlackElo "2490"]
[TimeControl "180+1"]
[EndTime "15:07:44 PDT"]
[Termination "Game drawn by repetition"]

1. e4 Nf6 2. e5 Nd5 3. d4 d6 4. c4 Nb6 5. exd6 cxd6 6. Nc3 g6 7. Be3 Bg7 8. Rc1 O-O 9. b3 Nc6 10. Be2 e5 11. d5 Ne7 12. Nf3 Bg4 13. O-O Nf5 14. h3 Bxf3 15. Bxf3 Nxe3 16. fxe3 Bh6 17.
Qe1 Nd7 18. Bg4 Nc5 19. Rd1 Qg5 20.
b4 Qxe3+ 21. Qxe3 Bxe3+ 22. Kh1 Na6 23. a3 f5 24. Be2 Nc7 25. c5 Rfd8 26. c6 bxc6 27.
dxc6 Kg7 28. Bc4 Bd4 29. Nb5 Nxb5 30. Bxb5 a5 31. Rc1 Rdc8 32. Rc2 Rc7 33. bxa5 Rxa5 34. a4 e4 35. g4 Kf6 36. Rc4 Ke5 37. Rd1 Bc5 38.
Rc2 f4 39. Rcd2 e3 40. Rd5+ Kf6 41. Kg2 g5 42. Kf3 Ra8 43. Rf5+ Kg6 44. Rdd5 h6 45. Bd3 Kg7 46. Bb5 Re8 47. Ke2 Re4 48. a5 Rb4 49. Rxc5 dxc5 50. Rxc5 Rb2+ 51. Ke1 Rb1+ 52. Ke2 Rb2+ 53.
Ke1 Rb1+ 54. Ke2 Rb2+ 1/2-1/2

[Event "Late-Titled-Tuesday-Blitz-September-05-2023"]
[Site "Chess.com"]
[Date "2023.09.05"]
[Round "6"]
[White "Gogolev_Artemy"]
[Black "Mesa_1"]
[Result "0-1"]
[WhiteElo "2436"]
[BlackElo "2611"]
[TimeControl "180+1"]
[EndTime "15:07:45 PDT"]
[Termination "Mesa_1 won on time"]

1. d4 Nf6 2. c4 g6 3. Nf3 Bg7 4. g3 O-O 5. Bg2 d6 6. O-O c6 7.
Nc3 Bf5 8. Nh4 Be6 9. Qd3 Na6 10. a3 d5 11. cxd5 cxd5 12. Bf4 Rc8 13. Rac1 Qa5 14. Nf3 Bf5 15. Qe3 Ne4 16. Nxe4 Bxe4 17. Ne5 Bxg2 18. Kxg2 Qb5 19. b4 f6 20. Nd3 Kf7 21. Bh6 Bxh6 22. Qxh6 Kg8 23. Nf4 Qe8 24. Nxd5 Rd8 25. Nf4 Qf7 26. d5 Rfe8 27. Rfd1 Nb8 28. Rc7 Rd7 29. Rxd7 Nxd7 30. Qh3 f5 31. e4 Ne5 32. exf5 gxf5 33. Re1 Ng6 34. Ne6 Rc8 35. Ng5 Qxd5+ 36. Nf3 Rc3 37.
Re3 Rxe3 38. fxe3 e6 39. Qh6 Qe4 40. Kf2 Qc2+ 41. Kf1 Qd1+ 42. Kf2 Qc2+ 43. Kf1 Qc7 44. Ng5 Qc1+ 45. Kg2 Qc2+ 46. Kh3 Qc7 47. Nxe6 Qe7 48. Nf4 Qxe3 0-1

[Event "Late-Titled-Tuesday-Blitz-September-05-2023"]
[Site "Chess.com"]
[Date "2023.09.05"]
[Round "6"]
[White "jcibarra"]
[Black "grzechu96"]
[Result "0-1"]
[WhiteElo "2896"]
[BlackElo "2677"]
[TimeControl "180+1"]
[EndTime "15:07:49 PDT"]
[Termination "grzechu96 won by resignation"]

1. e4 c5 2. Nf3 d6 3. c3 Nf6 4. h3 Nc6 5. Bd3 e5 6. Bc2 Be7 7. O-O g5 8. d4 g4 9. hxg4 Bxg4 10. dxc5 dxc5 11. Qxd8+ Rxd8 12. Nbd2 Rg8 13. Re1 a6 14. Nh4 Nh5 15. Nf5 Nf4 16. g3 Ne2+ 17.
Rxe2 Bxe2 18. f3 Bg5 19. Kf2 Bxd2 20. Kxe2 Bxc1 21. Rxc1 Ne7 22. g4 Nxf5 23. exf5 h5 24. Rg1 Rg5 25. Be4 b6 26. Ke3 Ke7 27. Bd3 Rdg8 28.
Be2 hxg4 29. fxg4 Rxf5 30. Bxa6 Rf4 31. Be2 Rg5 32. Rh1 Rg7 33. Rh6 Rf6 34. Rh8 Kd6 35. Bf3 Rf4 36. Rc8 Rfxg4 37. Rc6+ Kd7 38. Rxb6 Rf4 39.
Bd5 f5 40. Rb7+ Kd6 41. Rxg7 Kxd5 42. a4 Rxa4 43. Rg6 Rh4 44. b3 Rh3+ 45. Kd2 Ke4 46. b4 Rh2+ 47. Kc1 cxb4 48. cxb4 f4 49. b5 f3 50. b6 f2 51. Rf6 Rh1+ 52. Kc2 f1=Q 53.
Rxf1 Rxf1 54. b7 Rf8 55. b8=Q Rxb8 0-1

[Event "Late-Titled-Tuesday-Blitz-September-05-2023"]
[Site "Chess.com"]
[Date "2023.09.05"]
[Round "6"]
[White "Marcin"]
[Black "delqate"]
[Result "0-1"]
[WhiteElo "2472"]
[BlackElo "2382"]
[TimeControl "180+1"]
[EndTime "15:07:50 PDT"]
[Termination "delqate won on time"]

1. e4 e6 2. d4 d5 3. e5 c5 4. c3 Nc6 5. Nf3 Bd7 6. Be2 Nge7 7.
Na3 Nf5 8. Nc2 cxd4 9. cxd4 Qa5+ 10. Bd2 Qb6 11. Bc3 Bb4 12. Nxb4 Nxb4 13. O-O O-O 14.
Qd2 Nc6 15. g4 Nfe7 16. Bd3 f6 17. Rae1 fxe5 18. Nxe5 Nxe5 19. dxe5 a5 20. Bd4 Qd8 21. f4 Nc6 22. Bc5 Qh4 23. Qg2 Rfc8 24. Re3 Qd8 25. Rh3 g6 26. Bd6 Nb4 27. Bb1 Qb6+ 28. Kh1 Bb5 29.
Rg1 Qd4 30. f5 Bd3 31. Bxd3 Nxd3 32. Rf1 Rc1 33. Rxd3 Rxf1+ 34. Qxf1 Qe4+ 35. Kg1 Qxg4+ 36. Rg3 Qd4+ 37. Kh1 Qe4+ 38. Qg2 Qxf5 39. Rf3 Qb1+ 40. Rf1 Qe4 41. Qxe4 dxe4 42. Re1 Rc8 43. Rxe4 Rc1+ 44. Kg2 Rc2+ 45. Kg3 Rxb2 46. Ra4 Rb5 47. Kf4 b6 48. Kg5 Kg7 49. Rf4 h6+ 50. Kg4 Rb2 51. Rc4 h5+ 52.
Kg5 Rg2+ 53. Kf4 Rg4+ 0-1

[Event "Late-Titled-Tuesday-Blitz-September-05-2023"]
[Site "Chess.com"]
[Date "2023.09.05"]
[Round "6"]
[White "ckgchess"]
[Black "Msb2"]
[Result "0-1"]
[WhiteElo "2842"]
[BlackElo "3083"]
[TimeControl "180+1"]
[EndTime "15:07:51 PDT"]
[Termination "Msb2 won by resignation"]

1. e4 e6 2. d4 d5 3. Nd2 c5 4. Ngf3 Nf6 5. exd5 Nxd5 6. Bb5+ Bd7 7. Bxd7+ Nxd7 8.
O-O cxd4 9. Nxd4 Be7 10. c4 N5f6 11. b3 O-O 12. Bb2 a6 13. Re1 Qc7 14. Qf3 Rfe8 15. Rad1 Rad8 16. Ne4 Nxe4 17. Qxe4 Nf6 18. Qf3 Bb4 19.
Bc3 Bxc3 20. Qxc3 Rd7 21. Nf3 Red8 22. Rxd7 Rxd7 23. g3 h6 24. Ne5 Rd8 25. Qf3 Qa5 26. Re2 Qc7 27. Kg2 b5 28. cxb5 axb5 29. a4 bxa4 30. bxa4 Rd5 31. Nd3 Qd7 32. Nf4 Ra5 33. Rb2 Qxa4 34. Rb8+ Kh7 35. Rb7 Qe8 36. Qd3+ Kg8 37.
Qb3 Ra8 38. Qb6 Qd8 39. Qc6 Rc8 40. Qb5 Qd4 41. Rb8 Qe4+ 42. Kg1 Rxb8 43. Qxb8+ Kh7 44.
Qa7 Qb1+ 45. Kg2 e5 46. Ne2 Qe4+ 47. Kf1 Ng4 48. Qxf7 Nxh2+ 49. Kg1 Nf3+ 50. Kf1 Ng5 51. Qh5 g6 52. Qh4 Qxh4 53. gxh4 Nf3 54. h5 gxh5 55. Kg2 Nh4+ 56. Kh3 Nf5 57. Nc3 Kg6 58. Nd5 Ng7 59. Ne7+ Kg5 60. Nd5 Ne6 61. Ne3 h4 62. Kh2 Kf4 63.
Nc4 Ng5 64. Nd2 Nf3+ 0-1

[Event "Late-Titled-Tuesday-Blitz-September-05-2023"]
[Site "Chess.com"]
[Date "2023.09.05"]
[Round "6"]
[White "willyam13"]
[Black "micke12a"]
[Result "0-1"]
[WhiteElo "2424"]
[BlackElo "2342"]
[TimeControl "180+1"]
[EndTime "15:07:51 PDT"]
[Termination "micke12a won on time"]

1. e4 c5 2. Nf3 d6 3. d4 cxd4 4. Nxd4 Nf6 5. Nc3 g6 6. Be3 Bg7 7. f3 O-O 8. Bc4 Nc6 9. Qd2 Nxd4 10. Bxd4 Be6 11. Bb3 Qa5 12. O-O-O b5 13. Kb1 b4 14. Nd5 Bxd5 15. exd5 Qb5 16. Rhe1 a5 17. Qe2 Qxe2 18. Rxe2 a4 19. Bc4 Rfc8 20. b3 axb3 21.
axb3 Rc7 22. Rde1 Kf8 23. Kb2 Nh5 24. Bxg7+ Nxg7 25. Ra1 Rxa1 26. Kxa1 Ne8 27. Bb5 Nf6 28. Bc6 e6 29. Rd2 exd5 30. Bb5 Rc5 31. Bd3 Nd7 32. Kb2 Ne5 33. Be2 Ke7 34. Rd4 Nc6 35. Rd1 f5 36. Ra1 Kf6 37. Ra6 Ke5 38. Rb6 Kd4 39. Bb5 Ne5 40. Ba6 Ke3 41. Rxb4 Kf2 42. g4 Nxf3 43. gxf5 gxf5 44. Rf4 Ke3 45. Rxf5 Rxc2+ 46.
Kxc2 Nd4+ 47. Kc3 Nxf5 48. Bd3 d4+ 49. Kc2 Ne7 50. Bxh7 Nd5 51. h4 d3+ 52. Bxd3 Nb4+ 53. Kc3 Nxd3 54. h5 Ne5 55. h6 d5 56. h7 Nf7 57. Kc2 d4 58. Kd1 Kd3 0-1

[Event "Late-Titled-Tuesday-Blitz-September-05-2023"]
[Site "Chess.com"]
[Date "2023.09.05"]
[Round "6"]
[White "JG-17"]
[Black "IMGC"]
[Result "0-1"]
[WhiteElo "2599"]
[BlackElo "2435"]
[TimeControl "180+1"]
[EndTime "15:07:54 PDT"]
[Termination "IMGC won by checkmate"]

1. e4 b6 2. Nc3 Bb7 3. d4 e6 4.
g3 Nf6 5. Bg2 Bb4 6. Qd3 d5 7. e5 Ne4 8. Ne2 Ba6 9. Qe3 Bxe2 10. Kxe2 Nxc3+ 11. bxc3 Be7 12. f4 c5 13. Kf2 Nc6 14.
Rd1 cxd4 15. cxd4 Na5 16. Kg1 Rc8 17. c3 g6 18. Bf1 h5 19. Bb5+ Kf8 20. a4 Qc7 21.
Bb2 Nc4 22. Bxc4 Qxc4 23. Qd3 Kg7 24. a5 b5 25. Ba3 Bxa3 26. Rxa3 a6 27. Qd2 Rb8 28. Rb1 Rhc8 29. Rb4 Qc6 30. h3 Qd7 31. Kg2 Rc6 32. Rbb3 Rbc8 33. g4 hxg4 34. hxg4 Qe7 35.
g5 Rh8 36. Ra1 Rcc8 37. Rbb1 Qc7 38. Rc1 Rh4 39. Qf2 Rch8 40. Qg3 Qc4 41. Rc2 Qb3 42. Rac1 Qc4 43. Rd2 Qa4 44. Rdc2 Qxa5 45. Rb2 Qa3 46. Rbc2 Qa4 47. Rb2 Qc4 48. Rbc2 a5 49. Rb2 a4 50.
Rbc2 a3 51. Ra1 Rh3 52. Qxh3 Rxh3 53. Kxh3 Qd3+ 54. Kg4 Qxc2 55. Rxa3 Qb2 56. Ra7 Qxc3 57. f5 gxf5+ 58. Kh5 Qh3# 0-1

[Event "Late-Titled-Tuesday-Blitz-September-05-2023"]
[Site "Chess.com"]
[Date "2023.09.05"]
[Round "6"]
[White "newyorkmouse"]
[Black "Dewarfd"]
[Result "1-0"]
[WhiteElo "2451"]
[BlackElo "2198"]
[TimeControl "180+1"]
[EndTime "15:07:55 PDT"]
[Termination "newyorkmouse won on time"]

1. e4 e5 2. Nc3 Nf6 3. Bc4 Nxe4 4. Nxe4 d5 5. Bd3 dxe4 6. Bxe4 Nc6 7. Nf3 Bd6 8. O-O O-O 9. Re1 Bg4 10. h3 Bh5 11. d3 Re8 12. Be3 Bg6 13. Bxc6 bxc6 14. Nd2 Bb4 15. Qf3 Bxd2 16. Bxd2 e4 17. Qg3 exd3 18.
Rxe8+ Qxe8 19. cxd3 Rd8 20. Qxc7 Rxd3 21. Re1 Qd8 22. Qxc6 f6 23. Bc3 Rd1 24. Rxd1 Qxd1+ 25. Kh2 h5 26. Qa8+ Kh7 27. Qxa7 Qd6+ 28. Kg1 Qd1+ 29.
Kh2 Qd6+ 30. g3 Qd5 31. Bxf6 Bf7 32. Bc3 Qf3 33. Qd4 Qf6 34. Qxf6 gxf6 35. a4 Kg6 36. a5 Bc4 37. h4 f5 38. Be5 Kf7 39. Kg2 Ke6 40. Bc3 Kd5 41. Kf3 Ke6 42. Kf4 Be2 43. Kg5 Bd3 44. Kxh5 f4 45. Kg5 fxg3 46. fxg3 Kf7 47. h5 Kg8 48. g4 Kh7 49. Kh4 Be2 50. g5 Kg8 51. g6 Bd3 52. Kg5 Be2 53. h6 Bd3 54. Bf6 1-0

[Event "Late-Titled-Tuesday-Blitz-September-05-2023"]
[Site "Chess.com"]
[Date "2023.09.05"]
[Round "6"]
[White "ChessSwole"]
[Black "Tsyhanchuk_Stanislav"]
[Result "1-0"]
[WhiteElo "2672"]
[BlackElo "2422"]
[TimeControl "180+1"]
[EndTime "15:07:59 PDT"]
[Termination "ChessSwole won by resignation"]

1. e4 c5 2. Nf3 d6 3. d4 cxd4 4. Nxd4 Nf6 5. Nc3 a6 6. Be3 e5 7. Nf3 Be7 8. h3 O-O 9. g4 b5 10. g5 Nfd7 11. Qd5 Nb6 12. Bxb6 Qxb6 13. Qxa8 Bb7 14.
Nd5 Qa5+ 15. b4 Bxd5 16. Qxd5 Qxb4+ 17. Kd1 Qc3 18. Qb3 Qxa1+ 19. Kd2 Bxg5+ 20. Nxg5 Qd4+ 21. Qd3 Qxf2+ 22. Be2 Nc6 23. Rf1 Qb6 24. Kc1 Nd4 25. Nf3 Ne6 26. Rd1 Nf4 27. Qd2 Rc8 28. Bf1 Qc5 29.
Kb1 h6 30. Ne1 Ne6 31. Nd3 Qc7 32. Nb4 Nd4 33. Nd5 Qa7 34. c3 Ne6 35. Kb2 Kh8 36.
Qe3 Qb7 37. Qb6 Qd7 38. Qxa6 Nc5 39. Qxb5 Qd8 40. Ka1 Nxe4 41. Qb6 Nxc3 42. Qxd8+ Rxd8 43. Nxc3 Rc8 44. Nd5 e4 45. Ne7 Re8 46. Nf5 g6 47. Nxd6 Rd8 48. Nxf7+ Kg7 49. Rxd8 Kxf7 50. Bc4+ Ke7 51.
Rd4 Kf6 52. Rxe4 Kf5 53. Rd4 g5 54. Bd3+ Ke5 55. Rg4 Kf6 56. h4 h5 57. Rxg5 1-0

[Event "Late-Titled-Tuesday-Blitz-September-05-2023"]
[Site "Chess.com"]
[Date "2023.09.05"]
[Round "6"]
[White "BogdanDeac"]
[Black "Bauman_Guy"]
[Result "1/2-1/2"]
[WhiteElo "2997"]
[BlackElo "2895"]
[TimeControl "180+1"]
[EndTime "15:08:04 PDT"]
[Termination "Game drawn by repetition"]

1. b3 g6 2. Bb2 Nf6 3. Nf3 Bg7 4.
g3 O-O 5. Bg2 d6 6. d4 Nbd7 7.
O-O Re8 8. c4 c6 9. Re1 Qc7 10.
e4 e5 11. Nc3 Nf8 12. d5 Bg4 13. h3 Bxf3 14. Qxf3 c5 15. a3 a6 16. h4 Reb8 17.
Bf1 Qd8 18. Bc1 h5 19. Bh3 N8h7 20. Bd2 Qf8 21. b4 b6 22. Reb1 Bh6 23. Be3 Bxe3 24. Qxe3 Qg7 25. Kh1 Ng4 26. Qe2 f5 27. Rb2 Nhf6 28. Rab1 Rf8 29. bxc5 bxc5 30. f3 Nh6 31. Rb7 Rf7 32. Rxf7 Qxf7 33. Qe3 Kh7 34. Kg2 fxe4 35. Nxe4 Nxe4 36. Be6 Qa7 37. fxe4 Rf8 38. Qg5 Qc7 39.
Rf1 Rxf1 40. Kxf1 Kg7 41. Kg2 Nf7 42. Bxf7 Qxf7 43. Qd8 Qf6 44. Qd7+ Kh6 45. Qc8 g5 46. hxg5+ Kxg5 47. Qg8+ Kh6 48. Qe8 Kg5 49. Qd7 Kh6 50. Qh3 Qg6 51. Qh4 Qg5 52. Kf3 Qxh4 53. gxh4 Kg6 54.
Ke3 Kf7 55. Kd3 Ke7 56. Kc3 Kd7 57. Kb3 Kc7 58. Ka4 Kb6 59. Kb3 Kb7 60. a4 Kb6 61. Ka3 Ka5 62. Kb3 Kb6 63. Ka3 Ka5 64. Kb3 Kb6 1/2-1/2

[Event "Late-Titled-Tuesday-Blitz-September-05-2023"]
[Site "Chess.com"]
[Date "2023.09.05"]
[Round "6"]
[White "ErikRonka"]
[Black "MKlose11"]
[Result "0-1"]
[WhiteElo "2490"]
[BlackElo "2638"]
[TimeControl "180+1"]
[EndTime "15:08:05 PDT"]
[Termination "MKlose11 won on time"]

1. e4 e6 2. d4 d5 3. Nc3 Bb4 4. e5 Ne7 5. a3 Bxc3+ 6. bxc3 b6 7. Qg4 Ng6 8. h4 h5 9. Qd1 Ba6 10. Bxa6 Nxa6 11. Qd3 Nb8 12. Nf3 Nc6 13. Bg5 Qd7 14. O-O Na5 15. Nd2 Ne7 16. c4 dxc4 17. Nxc4 Nxc4 18. Qxc4 Nf5 19. c3 O-O 20. Qe2 g6 21. Bf6 c5 22. Rad1 cxd4 23. cxd4 Rac8 24. Rd3 Rc4 25.
Rfd1 Rfc8 26. Kh2 Qd5 27. g4 Rc2 28. R1d2 Rxd2 29. Rxd2 hxg4 30. Qxg4 Rc4 31. h5 Rxd4 32. Rxd4 Qxd4 33. Qg2 Qf4+ 34. Kg1 Qc1+ 35. Kh2 Kh7 36. hxg6+ fxg6 37. Qb7+ Kh6 38. Qf3 g5 39. Qb7 Qf4+ 40. Kg1 Qg4+ 41. Kh1 Qd1+ 42. Kh2 Qd2 43. Kg1 Qc1+ 44.
Kh2 Qxa3 45. Qf7 Qb3 46. Qf8+ Kh5 47. Qh8+ Nh6 48. Bg7 Kg4 49. Qxh6 Qf3 50. Bf6 Qxf2+ 51. Kh1 Qf3+ 52. Kh2 Qf2+ 53. Kh1 Qh4+ 54. Qxh4+ gxh4 55. Bd8 b5 56. Ba5 Kf4 57. Kh2 Kxe5 58. Kh3 Kd4 59. Kxh4 Kc4 60. Kg4 b4 0-1

[Event "Late-Titled-Tuesday-Blitz-September-05-2023"]
[Site "Chess.com"]
[Date "2023.09.05"]
[Round "6"]
[White "melissa_guez"]
[Black "MajorCoast"]
[Result "1/2-1/2"]
[WhiteElo "2099"]
[BlackElo "2283"]
[TimeControl "180+1"]
[EndTime "15:08:06 PDT"]
[Termination "Game drawn by stalemate"]

1. e4 c5 2. Nf3 e6 3. d4 cxd4 4. Nxd4 Nf6 5. Nc3 Qb6 6. Nb3 Bb4 7. Bd3 d5 8. exd5 Nxd5 9. Bd2 Nxc3 10. bxc3 Be7 11.
O-O O-O 12. a4 Nd7 13. a5 Qc7 14. f4 Nf6 15. f5 exf5 16. Bxf5 Bxf5 17. Rxf5 Rad8 18.
Qf3 Rd7 19. Rf1 Rfd8 20. Bf4 Qc6 21. Qxc6 bxc6 22. Be5 Rd1 23. Nd4 Rxf1+ 24. Kxf1 Ng4 25. Bf4 Bd6 26. Nxc6 Re8 27. h3 Nh6 28. Bxh6 gxh6 29.
Rf6 Be5 30. Rxh6 Bxc3 31. Rh5 a6 32. Rd5 Re1+ 33. Kf2 Ra1 34. Ne7+ Kg7 35. Nc6 Ra2 36. Nb8 Rxc2+ 37. Kf3 Ra2 38. Nxa6 Rxa5 39. Rxa5 Bxa5 40. Nc5 Bd8 41. Ne4 h6 42. g4 Bc7 43. Nc3 Ba5 44. Nd5 Be1 45. Ne3 Bh4 46. Nf5+ Kf6 47. Nxh4 Kg5 48.
Ng2 f5 49. h4+ Kf6 50. gxf5 Kxf5 51. Ne3+ Kg6 52. Ng4 Kh5 53. Kg3 Kg6 54. Ne5+ Kh5 55. Nf3 Kg6 56. Kg4 Kg7 57. Kh5 Kh7 58. Ne5 Kg7 59.
Ng4 Kh7 60. Nxh6 Kg7 61. Ng4 Kh7 62. Kg5 Kg7 63. h5 Kh7 64. Nf6+ Kh8 65. h6 1/2-1/2

[Event "Late-Titled-Tuesday-Blitz-September-05-2023"]
[Site "Chess.com"]
[Date "2023.09.05"]
[Round "6"]
[White "realburq"]
[Black "KrokerGuy"]
[Result "0-1"]
[WhiteElo "2372"]
[BlackElo "2496"]
[TimeControl "180+1"]
[EndTime "15:08:07 PDT"]
[Termination "KrokerGuy won by checkmate"]

1. e4 e5 2. Nf3 Nc6 3. Nc3 Nf6 4.
a3 d5 5. exd5 Nxd5 6. Bb5 Nxc3 7. bxc3 Bd6 8. O-O O-O 9. d4 exd4 10. cxd4 Bg4 11. Bxc6 bxc6 12. h3 Bh5 13. Qd3 c5 14.
Bb2 Rb8 15. Bc3 c4 16. Qf5 g6 17. Qg5 Bxf3 18. Qxd8 Rfxd8 19. gxf3 Re8 20. Rfe1 f5 21. d5 Rxe1+ 22. Rxe1 Bxa3 23. Ra1 Bc5 24. Kg2 Kf7 25. Ra4 Rd8 26. Rxc4 Rxd5 27. Ra4 Bb6 28. Bb2 Rd2 29.
Rc4 Rxf2+ 30. Kg3 Rd2 31. Kf4 h6 32. h4 Rd5 33. Rc6 Rd6 34. Rc4 Ke6 35. Ra4 a5 36.
Rc4 Kd5 37. Ra4 Kc5 38. Bg7 Kb5 39. Ra2 Re6 40. Bxh6 Be3+ 41. Kg3 Bxh6 42. Rb2+ Kc4 43. Rb7 Rc6 44. Ra7 Kb4 45. h5 gxh5 46. Kh4 Rxc2 47.
Kxh5 Be3 48. Kg6 f4 49. Rb7+ Ka4 50. Kf5 c5 51. Ke4 c4 52. Rb1 Ka3 53. Kd5 Ka2 54.
Rb5 a4 55. Ke4 a3 56. Rb7 Ka1 57. Rb4 a2 58. Rb8 Rb2 59. Rh8 Kb1 60. Rh1+ Bc1 61. Rh2 Rxh2 62. Kd4 a1=Q+ 63. Kc5 Qe5+ 64. Kb4 Rb2+ 65. Ka4 Qb5+ 66. Ka3 Qb3# 0-1

[Event "Late-Titled-Tuesday-Blitz-September-05-2023"]
[Site "Chess.com"]
[Date "2023.09.05"]
[Round "6"]
[White "vugarrasulov"]
[Black "Aygehovit1992"]
[Result "1/2-1/2"]
[WhiteElo "2964"]
[BlackElo "2711"]
[TimeControl "180+1"]
[EndTime "15:08:09 PDT"]
[Termination "Game drawn - insufficient material"]

1. e4 c5 2. Nf3 d6 3. d4 cxd4 4. Nxd4 Nf6 5. Nc3 g6 6. g3 Nc6 7. Bg2 Nxd4 8. Qxd4 Bg7 9. O-O O-O 10. Qd3 Be6 11.
Be3 Rc8 12. Rfd1 Qa5 13. Bd4 a6 14. h3 b5 15. a3 Rc4 16. Ne2 Rfc8 17. c3 R4c7 18.
Qe3 Qa4 19. Nf4 Bb3 20. Bxf6 Bxf6 21. Rd2 a5 22. Nd3 Bc4 23. e5 dxe5 24. Nxe5 b4 25.
cxb4 axb4 26. Ng4 Be6 27. Nxf6+ exf6 28. Kh2 Rc2 29. Rxc2 Rxc2 30. Qd4 Kg7 31. Re1 Qb3 32.
axb4 Qxb2 33. Qxb2 Rxb2 34. Kg1 Rxb4 35. h4 g5 36.
hxg5 fxg5 37. Be4 h5 38. Bf3 h4 39. gxh4 Rxh4 40. Kg2 Rf4 41. Kg3 Rb4 42. Re5 Kf6 43. Re3 Rd4 44. Be2 Kg7 45. Re5 Kf6 46. Re3 Rd6 47. Rf3+ Kg7 48. Rd3 Rb6 49. Re3 f5 50. f4 gxf4+ 51. Kxf4 Kf6 52. Kg3 Rb4 53. Ra3 Bd5 54. Bf3 Bxf3 55. Kxf3 Re4 56. Ra8 Re6 57. Kf4 Re4+ 58. Kf3 Ke5 59. Re8+ Kf6 60. Rf8+ Ke5 61.
Re8+ Kf6 62. Rxe4 fxe4+ 63. Kxe4 1/2-1/2

[Event "Late-Titled-Tuesday-Blitz-September-05-2023"]
[Site "Chess.com"]
[Date "2023.09.05"]
[Round "6"]
[White "Sibelephant"]
[Black "ameetghasi100"]
[Result "1-0"]
[WhiteElo "3100"]
[BlackElo "2683"]
[TimeControl "180+1"]
[EndTime "15:08:10 PDT"]
[Termination "Sibelephant won by checkmate"]

1. c4 Nf6 2. Nc3 g6 3. g3 Bg7 4. Bg2 O-O 5. d4 d6 6. h3 Nc6 7.
e3 e5 8. Nge2 exd4 9. exd4 Re8 10. O-O Ne7 11. d5 Nf5 12. Re1 Bd7 13. b3 h5 14. Bg5 Qc8 15. Qd2 Nh7 16. Bf4 a6 17.
Rac1 Qd8 18. Ne4 Nf6 19. N2c3 Nh7 20. c5 Be5 21. cxd6 cxd6 22. Bxe5 Rxe5 23. Nd1 Rc8 24. Nb2 Rxc1 25. Qxc1 Nf6 26. Nc4 Re8 27. Ncxd6 Nxd6 28. Nxd6 Rxe1+ 29. Qxe1 Bxh3 30. Nxb7 Qc8 31. Nd6 Qd7 32.
Qe5 Bxg2 33. Kxg2 Ng4 34. Qe8+ Qxe8 35. Nxe8 Kf8 36. Nc7 a5 37. d6 Nf6 38. Kf3 g5 39. a3 Nd7 40. b4 axb4 41. axb4 Nb6 42. Ke4 f6 43. b5 Kf7 44. Nd5 Nd7 45. b6 Nc5+ 46. Kd4 Nb7 47. d7 Nd8 48. Ke4 Ke6 49.
f3 f5+ 50. Kd4 Kxd7 51. Ke5 h4 52. gxh4 gxh4 53. Nf4 Ne6 54. Nxe6 h3 55. b7 h2 56. b8=Q h1=Q 57. Qc7+ Ke8 58. Qd8+ Kf7 59. Qf8+ Kg6 60.
Qg7+ Kh5 61. Qg5# 1-0

[Event "Late-Titled-Tuesday-Blitz-September-05-2023"]
[Site "Chess.com"]
[Date "2023.09.05"]
[Round "6"]
[White "tteshan"]
[Black "SaqoChess_Twitch"]
[Result "0-1"]
[WhiteElo "2570"]
[BlackElo "2743"]
[TimeControl "180+1"]
[EndTime "15:08:13 PDT"]
[Termination "SaqoChess_Twitch won by resignation"]

1. e4 c5 2. Nf3 d6 3. c3 Nf6 4. Bd3 Bg4 5. h3 Bh5 6. Be2 e6 7. O-O Be7 8. e5 dxe5 9. Nxe5 Bxe2 10. Qxe2 O-O 11. d4 cxd4 12. Rd1 Qc7 13. Rxd4 Nc6 14. Nxc6 Qxc6 15. Be3 Rfd8 16. Nd2 Rxd4 17. Bxd4 a6 18. Nf3 Rd8 19. Rd1 h6 20. Bxf6 Rxd1+ 21. Qxd1 Bxf6 22.
Qd3 g6 23. Nd2 Qa4 24. Ne4 Be7 25. Kh2 f5 26. Ng3 Kf7 27. a3 h5 28. Ne2 Qc6 29. Nd4 Qd5 30. Qe2 e5 31. Nf3 e4 32. Nd4 Bf6 33.
Qd2 h4 34. Kg1 g5 35. Qd1 Kg6 36. Qa4 Kf7 37. Qb4 Bxd4 38. cxd4 f4 39. Qb6 f3 40. gxf3 exf3 41. Qc7+ Kg6 42. Qb6+ Kf5 43. Qb4 Ke4 44. Qe1+ Kxd4 45. Qe3+ Kc4 46. Qc3+ Kb5 47. b3 Kb6 48. a4 a5 49. Qf6+ Ka7 50. Qc3 Ka6 51. Kh2 Qd6+ 52. Kg1 Qc6 53. Qd3+ Ka7 54. Qe3+ b6 55. Qxg5 Qc3 56. Qe7+ Ka6 57. Qg5 Qxb3 58. Qxh4 Qd1+ 59. Kh2 Qd6+ 60. Qg3 Qxg3+ 61. Kxg3 b5 62. axb5+ Kxb5 63. h4 a4 64. h5 a3 65. h6 a2 66. Kxf3 a1=Q 67.
Kg4 Qf6 68. Kh5 Kc5 69. h7 Kd5 70. f4 Ke4 0-1

[Event "Late-Titled-Tuesday-Blitz-September-05-2023"]
[Site "Chess.com"]
[Date "2023.09.05"]
[Round "6"]
[White "TC2304"]
[Black "Valio_M1948"]
[Result "0-1"]
[WhiteElo "2353"]
[BlackElo "2520"]
[TimeControl "180+1"]
[EndTime "15:08:14 PDT"]
[Termination "Valio_M1948 won by checkmate"]

1. c4 c5 2. Nc3 Nc6 3. g3 g6 4. Bg2 Bg7 5. e4 e6 6. Nge2 Nge7 7. O-O O-O 8. b3 d6 9. Bb2 Qd7 10. h3 b6 11. a4 Bb7 12. Kh2 f5 13. f4 a6 14. d3 Rad8 15. Qd2 Nb4 16. Rae1 d5 17.
cxd5 exd5 18. e5 d4 19. Nd1 Bxg2 20. Kxg2 Qd5+ 21. Rf3 Qxb3 22. a5 bxa5 23. Nc1 Qd5 24. Ba3 Rb8 25. Nb2 Nec6 26. Nc4 Rfe8 27. Re2 Bf8 28. g4 fxg4 29. hxg4 Bh6 30. g5 Bf8 31. Kg3 Ne7 32. Rh2 Nf5+ 33. Kf2 a4 34. Rfh3 Rb7 35. Qd1 Rf7 36. Rf3 Qc6 37. Nb2 Nd5 38. Qxa4 Rc8 39. Qxc6 Rxc6 40. Nc4 Nde3 41. Nxe3 Nxe3 42. Ke1 c4 43. Bxf8 Rxf8 44. dxc4 Rxc4 45. Ne2 Nf5 46. Rd3 Rb8 47. Rhh3 Rb1+ 48. Kf2 Rb2 49. Kf3 a5 50. Ng3 Ne3 51. Ke4 a4 52. Rxd4 Rxd4+ 53. Kxd4 Nc2+ 54.
Kc3 a3 55. Ne4 a2 56. Kxb2 a1=Q+ 57. Kxc2 Qa4+ 58. Kd3 Qd1+ 59. Nd2 Qg4 60. Rf3 Kf7 61. Ke4 Ke6 62. Rd3 Qg2+ 63. Nf3 Qe2+ 64. Re3 Qc2+ 65. Rd3 Qc4+ 66. Rd4 Qe2# 0-1

[Event "Late-Titled-Tuesday-Blitz-September-05-2023"]
[Site "Chess.com"]
[Date "2023.09.05"]
[Round "6"]
[White "Sulthankan"]
[Black "Verony64"]
[Result "1-0"]
[WhiteElo "2386"]
[BlackElo "2234"]
[TimeControl "180+1"]
[EndTime "15:08:22 PDT"]
[Termination "Sulthankan won by checkmate"]

1. d4 c5 2. dxc5 e6 3. Nf3 Bxc5 4. e3 Nf6 5. b3 Nc6 6. Bb2 O-O 7. a3 Be7 8. Be2 a6 9. c4 b6 10. O-O Bb7 11. Nc3 d6 12. Rc1 Rc8 13. Re1 Re8 14. e4 Bf8 15. Bf1 Nd7 16. Nd4 Nxd4 17. Qxd4 Ne5 18. Na4 Qg5 19. Kh1 Ng4 20. h3 Qh6 21. Nxb6 Rc7 22. Kg1 d5 23. cxd5 Rxc1 24. Bxc1 Qf6 25. Qxf6 Nxf6 26. dxe6 Rxe6 27. Nc4 Nxe4 28.
Bd3 Nc5 29. Rxe6 fxe6 30. Bc2 Bd5 31. Nd2 g6 32. b4 Nd7 33. Nb1 Kf7 34. Nc3 Bg7 35.
Nxd5 exd5 36. Bd3 Nb8 37. Bf4 Nc6 38. Bxa6 d4 39. Bc1 Ke6 40. Bc4+ Kd6 41. Kf1 Ne5 42.
Bb3 Nc6 43. Bb2 Be5 44. Ke1 Ne7 45. Kd2 Nf5 46. Kd3 h5 47. a4 h4 48. a5 Kc6 49.
Ba4+ Kb7 50. b5 Bd6 51. Bb3 Bc5 52. Bd5+ Kc7 53. b6+ Bxb6 54. axb6+ Kxb6 55. Bxd4+ Kc7 56. Be5+ Kd7 57. Be4 Ke7 58. Bxf5 gxf5 59. Ke3 Ke6 60. Kf4 Kf7 61. Kxf5 Ke7 62. Bf6+ Kf7 63. Bxh4 Kg7 64. Bg3 Kh7 65. Be5 Kh6 66. g4 Kh7 67. Ba1 Kh6 68. Bb2 Kh7 69. Bc1 Kg7 70. Bd2 Kh7 71. Be1 Kg7 72.
f4 Kh7 73. h4 Kg7 74. h5 Kh7 75. g5 Kg7 76. g6 Kh6 77. Bc3 Kxh5 78. g7 Kh4 79. Be1+ Kh5 80. g8=Q Kh6 81. Qg6# 1-0

[Event "Late-Titled-Tuesday-Blitz-September-05-2023"]
[Site "Chess.com"]
[Date "2023.09.05"]
[Round "6"]
[White "Mariia89"]
[Black "TreinadorBR"]
[Result "0-1"]
[WhiteElo "1961"]
[BlackElo "2348"]
[TimeControl "180+1"]
[EndTime "15:08:29 PDT"]
[Termination "TreinadorBR won by resignation"]

1. d4 Nf6 2. Nf3 d5 3. c4 c6 4. e3 Bg4 5. Nc3 e6 6. Be2 Nbd7 7. O-O Bd6 8. h3 Bh5 9. c5 Bc7 10. b4 O-O 11. b5 Bxf3 12. Bxf3 e5 13. dxe5 Nxe5 14. Bb2 Qe7 15. Rc1 Nc4 16. Qb3 Nd2 17. Qc2 Nxf1 18. Rxf1 Qxc5 19. bxc6 bxc6 20. Qf5 Qd6 21.
g3 Rab8 22. Ba1 Qe6 23. Qg5 h6 24. Qh4 Bd6 25. Bg2 Rb4 26. g4 Kh7 27. f3 Qxe3+ 28. Kh1 Qf4 29. Kg1 Re8 30. a3 Rc4 31. Rd1 Re3 32.
Nb1 Bc5 33. Kf1 g5 34. Qf2 Rd3 35. Qe2 Re3 36. Qb2 d4 37. Nd2 Rcc3 38. Qb1+ Kg7 39.
Bxc3 dxc3 40. Ne4 Rxe4 41. Qd3 Rd4 42. Qe2 Rxd1+ 43. Qxd1 Qe3 44. Qc2 Qg1+ 45. Ke2 Qxg2+ 46. Kd3 Qxf3+ 47. Kc4 Qd5+ 48. Kxc3 Ne4+ 49. Kb2 Bd4+ 50. Kb1 Nc3+ 51. Kc1 Qh1+ 52. Kd2 Qg2+ 53. Kd3 Qxc2+ 54. Kxc2 Nb5 55. Kb3 Nxa3 56. Kxa3 f5 57. Kb3 h5 58. gxf5 g4 59. hxg4 hxg4 60. Kc4 g3 61. Kxd4 g2 62.
Ke5 g1=Q 63. f6+ Kf7 64. Kf5 Qc5+ 0-1